Match 43879447
Unlisted

Match 43879447
End
Construct Infanterie Kompanie
Selects Terror Battlegroup
Selects Machine Gun Camouflage
Pioneer Squad
MG 42 Machine Gun Team
MG 42 Machine Gun Team
Grenadier Squad
Grenadier Squad
Construct Panzergrenadier Kompanie
Medical Bunker
Support Elements
Selects Interrogate
Pak 40 Anti-tank Gun Team
StuG III G Assault Gun
Panzergrenadier Officer Quarters
Selects Defend the Fatherland
Selects Propaganda Leaflet Drop
Nebelwerfer 42 Rocket Launcher Team
Nebelwerfer 42 Rocket Launcher Team
Propaganda Leaflet Drop
Side Skirts
Construct Panzer Kompanie
Selects No Quarter
Quasi saur
☠Lich☠
Imperiale
Bananenratte
0
0

Comments sign in to comment!

No comments posted yet!